AoeStats
← b站江条

Enclosed

506723888Analyzed
1v1 RM · 18d ago on Sep 14, 2026· 27m 35s· 2 players
Game mode
Random Map
Map size
Tiny (2 player)
Population
200
Speed
Normal
Resources
Standard
Victory
Conquest
Starting age
Dark Age
Ending age
Imperial Age
RankedLock teamsTeams togetherTeam positionsShared explorationLock speedFull tech treeHidden civsTurbo modeCheats
Victory
Defeat
🇨🇳 Maya · China
1388
+17
🇫🇷 Wei · France
1406
-17
b站江条
0:25 Loom
8:26 Feudal Age
9:07 Double-Bit Axe
10:30 Town Watch
13:54 Horse Collar
15:03 Fletching
16:20 Wheelbarrow
21:45 Castle Age
21:41 Gold Mining
21:51 Crossbowman
22:28 Bodkin Arrow
24:15 Bow Saw
24:07 Heavy Plow
27:16 Thumb Ring
jahmaanyque
9:33 Feudal Age
7:49 Loom
10:26 Double-Bit Axe
10:28 Horse Collar
14:11 Fletching
16:25 Padded Archer Armor
21:25 Wheelbarrow
23:50 Castle Age
25:02 Bow Saw
24:20 Elite Skirmisher
24:58 Bodkin Arrow
26:48 Scale Barding Armor
Connection lost

Rejoining the realm…

Still unreachable

The connection could not be restored.

Session expired

The server has moved on; the page needs a fresh start.